 Dungeon Crawl Stone Soup version 0.28.0-53-g5a82cb258f (webtiles) character file.

Game seed: 527537843914183394

258 Sin92 the Magician (level 5, -4/57 HPs)
             Began as a Demonspawn Transmuter on July 1, 2022.
             Slain by Duvessa
             ... wielding a +0 rapier
              (6 damage)
             ... on level 4 of the Dungeon.
             The game lasted 00:06:29 (3505 turns).

Sin92 the Magician (Demonspawn Transmuter)          Turns: 3505, Time: 00:06:29

Health: -4/57      AC: 22    Str: 13    XL:     5   Next: 94%
Magic:  9/9        EV:  2    Int: 14    God:
Gold:   156        SH:  0    Dex: 13    Spells: 8/9 levels left

rFire   . . .      SeeInvis .   d - +3 spear (vamp)
rCold   . . .      Faith    .   (no shield)
rNeg    . . .      Spirit   .   (armour currently unavailable)
rPois   +          Reflect  .   (helmet currently unavailable)
rElec   .          Harm     .   (cloak currently unavailable)
rCorr   .          Rampage  .   (gloves currently unavailable)
Will    .....      NoTele   +   (boots currently unavailable)
Stlth   +.........              (no amulet)
HPRegen 0.19/turn               (no ring)
MPRegen 0.11/turn               (no ring)

@: tree-form
A: stationary, stasis, torment immunity, boosted hp, icemail 1, condensation
shield, (weakness stinger 1)
a: no special abilities


You were on level 4 of the Dungeon.
You were a tree.
You visited 1 branch of the dungeon, and saw 4 of its levels.

You collected 156 gold pieces.

Inventory:

Hand Weapons
 b - a +0 whip
 d - a +3 vampiric spear (weapon)
Armour
 a - a +0 robe
 c - a +1 chain mail of poison resistance (melded)
 g - a +0 pair of gloves (melded)
Potions
 e - a potion of curing
 i - a potion of haste


   Skills:
 + Level 2.3 Fighting
 - Level 0.1 Maces & Flails
 * Level 2.6 Polearms
 + Level 1.7 Armour
 + Level 2.6 Dodging
 - Level 2.6 Unarmed Combat
 + Level 2.8 Spellcasting
 + Level 2.5 Transmutations


You had 8 spell levels left.
You knew the following spells:

 Your Spells              Type           Power      Damage    Failure   Level
a - Beastly Appendage     Tmut           18%        N/A       8%          1

Your spell library contained the following spells:

 Spells                   Type           Power      Damage    Failure   Level
 Wereblood                Tmut           9%         N/A       12%         2
 Spider Form              Tmut/Pois      5%         N/A       36%         3
 Inner Flame              Hex/Fire       1%         N/A       54%         3
 Ice Form                 Ice/Tmut       5%         N/A       78%         4
 Cause Fear               Hex            0%         N/A       91%         4
 Discord                  Hex            0%         N/A       100%        8


Dungeon Overview and Level Annotations

Branches:
Dungeon (4/15)
 Temple: D:4-7

Altars:
Kikubaaqudgha
Zin

Shops:
D:2 [?==?

Annotations:
D:4 Dowan, Duvessa


Innate Abilities, Weirdness & Mutations

You are a tree.
Your roots penetrate the ground, keeping you stationary.
You cannot be teleported.
You are immune to unholy pain and torment.
Your maximum health is greatly increased.
Your equipment is partially melded.
A meltable icy envelope protects you from harm. (AC +0)
A meltable shield of frost defends you. (SH +0)
((You have a small tail.))


Message History

Dowan smirks and points a slender finger.
Dowan hits you but does no damage.
Unknown command.
You closely miss Dowan.
Dowan is heavily wounded.
Duvessa gestures with her weapon.
Duvessa hits you with a +0 rapier. Dowan hits you but does no damage.
Unknown command.
You barely miss Dowan. Your punch misses Dowan.
Dowan is heavily wounded.
Duvessa hits you with a +0 rapier. Dowan hits you but does no damage.
Duvessa hits you with a +0 rapier. Dowan hits you but does no damage.
You are too injured to fight recklessly!
Unknown command.
It was a potion of lignification.
You turn into a tree.
Your +0 pair of gloves melds into your body.
Your +1 chain mail of poison resistance melds into your body.
You no longer feel resistant to poison.
Your roots penetrate the ground.
Duvessa says, "Where magic fails, the sword succeeds!"
Duvessa hits you but does no damage. Dowan hits you but does no damage.
You barely miss Duvessa. Duvessa hits you but does no damage.
Dowan casts a spell at you. The puff of flame hits you!
Your icy defenses dissipate!
* * * LOW HITPOINT WARNING * * *
Duvessa barely misses you. Dowan hits you but does no damage.
You hit Duvessa.
You feel better.
Duvessa is lightly wounded.
Dowan hits you but does no damage. Duvessa hits you but does no damage.
You hit Duvessa but do no damage.
Duvessa is lightly wounded.
Duvessa hits you with a +0 rapier!
* * * LOW HITPOINT WARNING * * *
Dowan casts a spell.
Dowan blinks!
Duvessa hits you with a +0 rapier.
* * * LOW HITPOINT WARNING * * *
You hit Duvessa but do no damage.
Duvessa is lightly wounded.
Duvessa hits you with a +0 rapier.
You die...

##### ###########
##...## #.........#
#.....#####..........
#...................#
#.....####...)......#
##...## ##...♣e......
##.## ##....?§e..... #.#
#.......!..>.. ##.##
#.....).......
#####.#.###.............
.....###................
.####.#.####............
...<...## #.#..........
.####### #.#.........


You could see Duvessa (fast) and Dowan (fast).

Vanquished Creatures
  A water moccasin (D:3)
  Natasha (thrice) (D:2)
  3 adders
  2 worms
  A dart slug (D:1)
  An orc (D:3)
  8 endoplasms
  3 goblins
  3 hobgoblins
  2 jackals (D:1)
  3 kobolds
  4 ball pythons
  7 bats
  4 frilled lizards
  6 rats
51 creatures vanquished.

Notes
Turn   | Place    | Note
-------+----------+-------------------------------------------
     0 | D:1      | Sin92 the Demonspawn Transmuter began the quest for the
                  | Orb.
     0 | D:1      | Reached XP level 1. HP: 15/15 MP: 3/3
   534 | D:1      | Gained mutation: A meltable shield of frost defends you.
                  | (SH +0) [demonic ancestry]
   534 | D:1      | Reached XP level 2. HP: 21/21 MP: 5/5
   756 | D:1      | Reached skill level 1 in Polearms
  1184 | D:2      | Gained mutation: A meltable icy envelope protects you from
                  | harm. (AC +0) [demonic ancestry]
  1184 | D:2      | Reached XP level 3. HP: 26/26 MP: 6/6
  1203 | D:2      | Found Waempis's Magic Scroll Shoppe.
  1530 | D:2      | Found Ynaqyll's Jewellery Emporium.
  1574 | D:2      | Found a faded altar of an unknown god.
  1595 | D:2      | Found Weenug's Jewellery Boutique.
  1671 | D:2      | Noticed Natasha
  1683 | D:2      | Killed Natasha
  1684 | D:2      | Reached skill level 1 in Armour
  1684 | D:2      | Gained mutation: You have a small tail. [demonic ancestry]
  1684 | D:2      | Reached XP level 4. HP: 19/32 MP: 7/7
  1820 | D:2      | Found Dakuch's Magic Scroll Shop.
  1856 | D:2      | Noticed Natasha
  1867 | D:2      | Killed Natasha
  1961 | D:2      | Noticed Natasha
  1970 | D:2      | Killed Natasha
  2005 | D:2      | Found Wiff's Antique Armour Shop.
  2526 | D:3      | Reached XP level 5. HP: 28/38 MP: 8/8
  2628 | D:3      | Found an ancient bone altar of Kikubaaqudgha.
  2682 | D:3      | Noticed a water moccasin
  2706 | D:3      | Killed a water moccasin
  3369 | D:4      | Noticed an ogre
  3489 | D:4      | Noticed Dowan
  3492 | D:4      | Noticed Duvessa
  3504 | D:4      | HP: 2/57 [Duvessa/+0 rapier (2)]
  3505 | D:4      | Slain by Duvessa

Illustrated notes

Levels and vault maps discovered:
D:1:      onia_arrival_mini_maze_b, layout_basic
D:2:      layout_loops_cross, ebering_ecumenical_altar_webs, serial_shops, shop,
          shop, shop_statue, shop, nicolae_shop_waterfront, basic_altar,
          uniq_natasha
D:3:      layout_loops_corners, nicolae_kikubaaqudgha_miasma_corner
D:4:      cheibrodos_old_hovel, layout_loops_ring,
          mainiacjoe_overflow_cross_hatched, uniq_duvessa

Skill      XL: |  1  2  3  4  5 |
---------------+----------------+-----
Dodging        | 2 |  2.6
Polearms       | 1 2 |  2.6
Transmutations | 2 |  2.5
Armour         | 1 |  1.7
Fighting       | 2 |  2.3
Maces & Flails | |  0.1
Unarmed Combat | |  2.6
Spellcasting   | |  2.8

Action                   |  1- 3 |  4- 6 || total
-------------------------+-------+-------++-------
Melee: Whip              |    20 |       ||    20
       Unarmed           |    11 |       ||    11
       Spear             |    99 |   100 ||   199
       Punch             |     1 |     3 ||     4
       Tailslap          |       |     2 ||     2
  Use: Scroll            |     3 |       ||     3
       Potion            |     1 |     2 ||     3
Armor: Robe              |    11 |       ||    11
       Chain mail        |    58 |    40 ||    98
       Skin              |       |     6 ||     6
Dodge: Dodged            |    52 |    24 ||    76
Block: Other             |    11 |    16 ||    27
